 Dungeon Crawl Stone Soup version 0.19-a0-994-g3c636f0 (webtiles) character file.

39607 mistymad the Impaler (level 14, -6/116 HPs)
             Began as a Merfolk Gladiator on July 17, 2016.
             Was a High Priest of Fedhas.
             Killed from afar by a frost giant (29 damage)
             ... with a bolt of cold
             ... in an ice cave.
             The game lasted 00:48:51 (19205 turns).

mistymad the Impaler (Merfolk Gladiator)           Turns: 19205, Time: 00:48:52

Health: -6/116     AC: 28    Str: 19    XL:     14   Next: 7%
Magic:  30/30      EV: 17    Int: 14    God:    Fedhas [*****.]
Gold:   742        SH:  8    Dex: 14    Spells: 0 memorised, 13 levels left

rFire  . . .     SeeInvis .     G - +3 trident (protect)
rCold  . . .     Gourm    .     b - +4 scale mail
rNeg   . . .     Faith    .     y - +3 warlock's mirror {reflect}
rPois  +         Spirit   .     L - +3 hat of Pondering {ponderous, MR+ MP+10 Int+5}
rElec  .         Dismiss  .     (no cloak)
rCorr  .         Reflect  +     (no gloves)
SustAt .         Harm     .     x - +0 pair of boots
MR     ++...                    (no amulet)
Stlth  ..........               D - ring "Sisuh" {rPois AC+4}
                                E - +3 ring of protection

@: slow, very resistant to hostile enchantments, extremely unstealthy
A: change form in water, swift swim
a: Evolution, Sunlight, Growth, Reproduction, Rain, Renounce Religion


You were in an ice cave.
You worshipped Fedhas.
Fedhas was extremely pleased with you.
You were not hungry.

You visited 3 branches of the dungeon, and saw 17 of its levels.
You also visited: Ice Cave.

You collected 1084 gold pieces.
You spent 342 gold pieces at shops.

Inventory:

Hand Weapons
 G - a +3 trident of protection (weapon)
Missiles
 d - 4 throwing nets (quivered)
Armour
 b - a +4 scale mail (worn)
 x - a +0 pair of boots (worn)
 y - the +3 warlock's mirror (worn) {reflect}
   (You bought it in a shop on level 5 of the Dungeon)
 L - the +3 hat of Pondering (worn) {ponderous, MR+ MP+10 Int+5}
   (You took it off Gastronok on level 8 of the Dungeon)

   It affects your intelligence (+5).
   It affects your resistance to hostile enchantments.
   It affects your magic capacity (+10).
Jewellery
 c - an uncursed ring of positive energy
 j - an uncursed amulet of harm {unknown}
 l - an uncursed ring of resist corrosion
 p - an uncursed ring of protection from magic
 B - an uncursed ring of see invisible
 D - the ring "Sisuh" (right hand) {rPois AC+4}
   (You found it on level 2 of the Lair of Beasts)

   [ring of protection]

   It affects your AC (+4).
   It protects you from poison.
 E - a +3 ring of protection (left hand)
 H - an uncursed ring of protection from fire
Wands
 e - a wand of slowing (22/48)
 n - a wand of acid (5/15)
 u - a wand of iceblast (10/15)
 C - a wand of lightning (10/15)
 F - a wand of enslavement (24/24)
 M - a wand of paralysis (16/24)
 R - a wand of polymorph (16/24)
Scrolls
 g - 5 scrolls of remove curse
 h - 8 scrolls of identify
 m - 4 scrolls of recharging
 r - 4 scrolls of magic mapping
 t - 3 scrolls of teleportation
 w - a scroll of fog
 I - a scroll of silence
 K - a scroll of enchant armour
Potions
 a - 2 potions of agility
 i - 5 potions of heal wounds
 k - 3 potions of might
 o - 5 potions of curing
 z - 2 potions of berserk rage
 A - a potion of cancellation {unknown}
 J - 3 potions of flight
 N - 3 potions of mutation {unknown}
 O - a potion of cure mutation {unknown}
 Q - 2 potions of brilliance {unknown}
Comestibles
 f - 4 bread rations
 q - a slice of pizza
 s - 8 meat rations
 v - 2 beef jerkies
 P - 16 royal jellies
 S - 2 chunks of flesh


   Skills:
 + Level 12.5 Fighting
 + Level 15.6 Polearms
 - Level 2.0 Throwing
 + Level 9.2 Armour
 - Level 12.3 Dodging
 - Level 6.5 Shields
 + Level 8.2 Invocations


You had 13 spell levels left.
You didn't know any spells.

Dungeon Overview and Level Annotations

Branches:
Dungeon (12/15)            Temple (1/1) D:4            Lair (4/6) D:11
 Shoals (0/4) Lair:3        Snake (0/4) Lair:3          Orc (0/2) D:9

Altars:
Ashenzari
Cheibriados
Dithmenos
Elyvilon
Fedhas
Gozag
Hepliaklqana
Kikubaaqudgha
Makhleb
Nemelex Xobeh
Okawaru
Pakellas
Qazlal
Ru
Sif Muna
Trog
Uskayaw
Vehumet
Xom
Yredelemnul
Zin
The Shining One

Shops:
D:5 [   D:7 (   D:10 %

Annotations:
Lair:3 exclusion: obsidian statue


Message History

Eat one of 3 chunks of flesh? (ye/n/q)
You start eating one of the 3 chunks of flesh.
You continue eating. x2
You finish eating.
This raw flesh tastes terrible.
Okay, then.
The polar bear growls angrily.
The frost giant shouts!
The frost giant hits you with a battleaxe of freezing!
The frost giant freezes you.
You take 17 damage, and have 85/116 hp.
The frost giant casts a spell at you. The bolt of cold hits you!
The frost giant casts a spell at you. The bolt of cold hits you!
* * * LOW HITPOINT WARNING * * *
You take 63 damage, and have 23/116 hp.
MASSIVE DAMAGE!!
The frost giant points at you and mumbles some strange words.
The bolt of cold hits the polar bear.
The polar bear resists.
The bolt of cold hits you!
You die...
Fedhas appreciates your contribution to the ecosystem.

##...#### #### ##
###....#######
###...#....#### ###
###....##...##
##Y###### #########..#
# ###.#C#...##
###...## ##
#.C###...⌠.# ##....##
#.
###.Y###.#.#####....##
###
#Y.C##..#####..@..###
##.P
#h..###..####Ch...##
#P.# .Y.Y
##...#....### #.#.
#... ###...#### ####
###. ##### $. [#


You could see a frost giant and a polar bear.

Vanquished Creatures
  Gastronok (D:8)
  A hydra (Lair:1)
  Erica (D:10)
  3 death yaks (IceCv)
  A wandering mushroom (IceCv)
  A hill giant (D:11)
  2 griffons
  A siren (Lair:3)
  A black mamba (Lair:2)
  An ice statue (IceCv)
  An elephant (Lair:2)
  A torpor snail (Lair:2)
  2 spiny frogs
  4 komodo dragons
  A rime drake (Lair:2)
  A queen bee (Lair:2)
  2 trolls
  18 polar bears
  Prince Ribbit (D:8)
  12 blink frogs
  Sigmund (D:5)
  50 yaks
  5 basilisks
  A wyvern (Lair:2)
  6 hippogriffs
  2 hungry ghosts (D:9)
  6 nagas (Lair:3)
  A steam dragon (Lair:2)
  Duvessa (D:7)
  7 water moccasins
  6 porcupines
  10 black bears
  2 ice beasts
  4 orc warriors
  A phantom (D:6)
  6 sky beasts
  3 ogres
  6 centaurs
  20 wolves
  19 crocodiles
  13 giant frogs
  A gnoll sergeant (D:6)
  4 big kobolds
  Dowan (D:7)
  A wyvern skeleton (D:11)
  A scorpion (D:6)
  28 killer bees (Lair:2)
  A water moccasin skeleton (D:6)
  8 wights
  3 electric eels
  3 howler monkeys
  5 crimson imps
  A lava snake (Lair:2)
  4 hounds
  4 centaur skeletons
  3 giant frog skeletons
  4 orc priests
  4 gnoll shamans (D:6)
  7 jellies
  12 orc wizards
  Jessica (D:3)
  12 iguanas
  Terence (D:3)
  7 worker ants
  17 sheep
  A hound skeleton (D:4)
  A worker ant zombie (D:8)
  32 gnolls (D:6)
  9 adders
  26 river rats
  A shadow imp (D:5)
  6 oozes
  2 worms
  5 dart slugs
  13 giant geckos
  36 orcs
  2 ball pythons
  11 bats
  3 giant cockroaches
  7 goblins
  11 hobgoblins
  19 jackals
  27 kobolds
  4 quokkas
  A giant cockroach zombie (D:6)
  A giant gecko skeleton (D:6)
  17 giant newts
  A jackal skeleton (D:6)
  2 quokka skeletons
  10 rats
  A ballistomycete (IceCv)
  A fungus (Lair:3)
  2 giant spores (Lair:3)
  2 hyperactive ballistomycetes (IceCv)
  A toadstool (D:11)
614 creatures vanquished.

Vanquished Creatures (collateral kills)
  A komodo dragon (Lair:4)
  2 polar bears (IceCv)
  A boulder beetle (Lair:4)
  A wight (D:9)
  A gnoll (D:6)
  3 giant geckos (D:10)
  An orc (D:9)
  12 giant spores
  2 hyperactive ballistomycetes (IceCv)
24 creatures vanquished.

Vanquished Creatures (others)
  A spiny frog (Lair:3)
  A polar bear (IceCv)
  A necrophage (D:9)
  9 wandering mushrooms
  A giant gecko (D:10)
  42 ballistomycetes
  7 fungi
  13 giant spores (Lair:3)
  2 hyperactive ballistomycetes (IceCv)
  4 plants
  423 toadstools
504 creatures vanquished.

Grand Total: 1142 creatures vanquished

Notes
Turn   | Place    | Note
-------+----------+-------------------------------------------
     0 | D:1      | mistymad the Merfolk Gladiator began the quest for the Orb.
     0 | D:1      | Reached XP level 1. HP: 16/16 MP: 1/1
   213 | D:1      | Reached XP level 2. HP: 23/23 MP: 2/2
   512 | D:1      | Reached XP level 3. HP: 24/28 MP: 3/3
   651 | D:1      | Reached skill level 1 in Armour
  1080 | D:2      | Reached XP level 4. HP: 22/35 MP: 4/4
  1172 | D:2      | Reached skill level 5 in Polearms
  1497 | D:3      | Noticed Jessica
  1511 | D:3      | Killed Jessica
  1655 | D:3      | Found an iron altar of Okawaru.
  1657 | D:3      | Found a radiant altar of Vehumet.
  1660 | D:3      | Found a shimmering altar of Xom.
  1661 | D:3      | Found a snail-covered altar of Cheibriados.
  1662 | D:3      | Found a stormy altar of Qazlal.
  1772 | D:3      | Noticed Terence
  1796 | D:3      | Killed Terence
  1796 | D:3      | Reached skill level 5 in Dodging
  1796 | D:3      | Reached XP level 5. HP: 13/41 MP: 5/5
  2354 | D:3      | Reached skill level 1 in Shields
  2447 | D:4      | Found a staircase to the Ecumenical Temple.
  2472 | Temple   | Entered the Ecumenical Temple
  2559 | Temple   | Became a worshipper of Fedhas Madash
  3090 | D:4      | Found a sparkling altar of Nemelex Xobeh.
  3090 | D:4      | Found an opulent altar of Gozag.
  3090 | D:4      | Found a glowing golden altar of the Shining One.
  3243 | D:4      | Reached XP level 6. HP: 47/47 MP: 6/6
  3340 | D:5      | Entered Level 5 of the Dungeon
  3423 | D:5      | Reached skill level 6 in Polearms
  3444 | D:5      | Noticed a water moccasin
  3468 | D:5      | Killed a water moccasin
  3869 | D:5      | Reached XP level 7. HP: 54/54 MP: 7/7
  4124 | D:5      | Reached * piety under Fedhas
  4178 | D:5      | Noticed Sigmund
  4198 | D:5      | Found Efraseil's Armour Shoppe.
  4433 | D:6      | Reached skill level 7 in Polearms
  4433 | D:6      | Reached XP level 8. HP: 61/61 MP: 8/8
  4484 | D:6      | Reached skill level 5 in Fighting
  4855 | D:6      | Reached ** piety under Fedhas
  5086 | D:6      | Reached skill level 8 in Polearms
  5373 | D:6      | Reached XP level 9. HP: 69/69 MP: 9/9
  5535 | D:6      | Reached *** piety under Fedhas
  5801 | D:6      | Found a hide-covered altar of Uskayaw.
  6007 | D:5      | Killed Sigmund
  6007 | D:5      | Reached skill level 5 in Shields
  6023 | D:5      | Bought the +3 warlock's mirror {reflect} for 342 gold pieces
  6073 | D:7      | Noticed Dowan
  6074 | D:7      | Noticed Duvessa
  6084 | D:7      | Killed Duvessa
  6090 | D:7      | Killed Dowan
  6335 | D:7      | Reached skill level 9 in Polearms
  6487 | D:7      | Found Reovuos's Antique Weapon Emporium.
  7102 | D:8      | Noticed Gastronok
  7407 | D:8      | Noticed Prince Ribbit
  7414 | D:8      | Killed Prince Ribbit
  7427 | D:8      | Reached XP level 10. HP: 63/79 MP: 8/10
  7558 | D:8      | Killed Gastronok
  7558 | D:8      | Reached skill level 10 in Polearms
  7558 | D:8      | Reached skill level 5 in Armour
  7643 | D:8      | Reached skill level 10 in Dodging
  7898 | D:8      | Reached **** piety under Fedhas
  8283 | D:9      | Reached skill level 11 in Polearms
  8401 | D:9      | Reached XP level 11. HP: 81/87 MP: 11/11
  8601 | D:9      | Found a shadowy altar of Dithmenos.
  8718 | D:9      | Found a staircase to the Orcish Mines.
  9309 | D:9      | Found a shimmering altar of Xom.
  9476 | D:10     | Entered Level 10 of the Dungeon
  9599 | D:10     | Noticed Erica
  9611 | D:10     | Killed Erica
 10039 | D:10     | Reached skill level 12 in Polearms
 10055 | D:10     | Reached ***** piety under Fedhas
 10352 | D:10     | Found Jucis's Food Emporium.
 10563 | D:11     | Noticed a hill giant
 10601 | D:11     | Killed a hill giant
 10891 | D:11     | Noticed an oklob plant
 10898 | D:11     | Found a staircase to the Lair.
 10898 | D:11     | Noticed an oklob plant
 11467 | Lair:1   | Entered Level 1 of the Lair of Beasts
 11786 | Lair:1   | Reached XP level 12. HP: 54/97 MP: 12/12
 11847 | Lair:1   | Reached skill level 10 in Fighting
 12174 | Lair:1   | Reached skill level 1 in Invocations
 12562 | Lair:1   | Noticed a five-headed hydra
 12593 | Lair:1   | Killed a five-headed hydra
 12593 | Lair:1   | Reached skill level 13 in Polearms
 14078 | Lair:2   | Reached skill level 14 in Polearms
 14422 | Lair:2   | Got a brightly glowing brass ring
 14424 | Lair:2   | Identified the ring "Sisuh" {rPois AC+4} (You found it on level 2 of the Lair of Beasts)
 14493 | Lair:2   | Reached skill level 5 in Invocations
 14586 | Lair:2   | Reached XP level 13. HP: 106/106 MP: 16/16
 14610 | Lair:2   | Reached ****** piety under Fedhas
 15558 | Lair:3   | Found a staircase to the Snake Pit.
 16550 | Lair:3   | Found a staircase to the Shoals.
 17294 | Lair:4   | Found a frozen archway.
 17329 | Lair:4   | Reached skill level 15 in Polearms
 17350 | IceCv    | Entered an ice cave
 18559 | IceCv    | Noticed a frost giant
 18618 | IceCv    | Reached XP level 14. HP: 46/116 MP: 20/20
 19205 | IceCv    | Killed from afar by a frost giant

Vault maps used:
D:1:      mrwooster_arrival_statue_2, corexii_item_surrounded_by_moat
D:2:      serial_bayou_pond_c, minmay_pentomino_w4
D:3:      minitemple, first_bread, minmay_lizard_king, uniq_terence,
          uniq_jessica
D:4:      gammafunk_temple_overflow_claw
D:5:      serial_shops, shop, uniq_sigmund
D:6:      lemuel_castle_with_subvaults, nicolae_overflow_crystal_walls,
          minmay_misc_feat_x
D:7:      serial_shops, shop_fountains, uniq_duvessa
D:8:      uniq_gastronok, uniq_prince_ribbit1
D:9:      kennysheep_ambush_hall, nicolae_dithmenos_the_darkroom, orc_0_dummy,
          basic_altar
D:10:     lemuel_reptile_caves, serial_shops, shop,
          hangedman_little_slice_of_home, uniq_erica
D:11:     dpeg_oklobed_lair
D:12:     minmay_misc_feat_roman, grunt_ministairs_5, uniq_fannar
Temple:   nicolae_temple_hex_pool
Lair:1:   beast_lair_carwin_large_3
Lair:2:   regret_index_wax_grids, st_stairs_4, grunt_megastairs_4
Lair:3:   statuecave_lemuel, minmay_shoals_entry_lonely_mermaid,
          minmay_snake_entry_guardpost_medium
Lair:4:   portal_ice_cave_entry_pillars_1, beast_lair_carwin_7,
          serial_bayou_shore_b, uniq_nessos
IceCv:    ice_cave_caverns_01

Skill      XL: |  1  2  3  4  5  6  7  8  9 10 11 12 13 |
---------------+----------------------------------------+-----
Armour         | 1 2 3 4 5 6 8 9 |  9.2
Fighting       | 3 4 5 7 8 9 11 12 | 12.5
Polearms       | 5 6 7 8 9 11 12 14 15 | 15.6
Dodging        | 5 6 8 9 10 12 | 12.3
Shields        | 1 2 4 5 6 |  6.5
Invocations    | 5 8 |  8.2
Throwing       | |  2.0

Action                   |  1- 3 |  4- 6 |  7- 9 | 10-12 | 13-15 || total
-------------------------+-------+-------+-------+-------+-------++-------
Melee: Trident           |   107 |   347 |   519 |  1439 |   970 ||  3382
       Halberd           |       |       |    15 |       |       ||    15
       Spear             |       |       |    10 |       |       ||    10
       Tailslap          |       |       |    10 |     9 |       ||    19
Throw: Throwing net      |       |       |     2 |       |       ||     2
Invok: Evolution         |       |       |     1 |     4 |    14 ||    19
       Reproduction      |       |       |       |       |     6 ||     6
       Rain              |       |       |       |       |     1 ||     1
  Use: Scroll            |       |       |    13 |     9 |     2 ||    24
 Stab: Sleeping          |     1 |       |       |       |       ||     1
       Distracted        |       |     1 |       |     1 |     2 ||     4
       Held in net/web   |       |       |     1 |       |       ||     1
       Confused          |       |       |       |     3 |     2 ||     5
  Eat: Chunk             |     1 |     9 |    12 |    24 |    16 ||    62
       Pizza             |       |       |       |     1 |       ||     1
       Beef jerky        |       |       |       |       |     1 ||     1
Armor: Leather armour    |    21 |    11 |       |       |       ||    32
       Scale mail        |       |    41 |   128 |   280 |   228 ||   677
Dodge: Dodged            |    46 |   158 |   231 |   777 |   433 ||  1645
Block: Buckler           |       |    45 |    88 |   421 |   293 ||   847
       Reflection        |       |       |     1 |    15 |     3 ||    19
